 Dungeon Crawl Stone Soup version 0.27-a0-1359-ga2a4dfd6fd (webtiles) character file.

Game seed: 8853279349727601273

8831 Sobieck the Grappler (level 11, -5/56 HPs)
             Began as a Vine Stalker Berserker on June 28, 2021.
             Was an Elder of Trog.
             Slain by a two-headed ogre (9 damage)
             ... on level 9 of the Dungeon.
             The game lasted 00:23:36 (10270 turns).

Sobieck the Grappler (Vine Stalker Berserker)      Turns: 10270, Time: 00:23:37

Health: -5/56      AC: 18    Str: 22    XL:     11   Next: 37%
Magic:  0/12       EV:  9    Int:  7    God:    Trog [****..]
Gold:   293        SH:  0    Dex: 15    Spells: 10/10 levels left

rFire    . . .     SeeInvis .     - Unarmed
rCold    + . .     Faith    .   (no shield)
rNeg     + . .     Spirit   +   v - +0 chain mail
rPois    .         Reflect  .   a - +1 helmet
rElec    .         Harm     .   e - +0 cloak
rCorr    .         Rampage  .   w - +0 pair of gloves
Will     +++..                  p - +0 pair of boots
Stlth    ..........             O - amulet of magic regeneration {@e2}
HPRegen  2.18/turn              g - ring of positive energy
MPRegen  0.38/turn              D - ring of protection from cold

@: strong-willed, on berserk cooldown, regenerating
A: fangs 3, regeneration 1, magic shield, antimagic bite, no potion heal 2
a: Renounce Religion, Berserk, Trog's Hand, Brothers in Arms


You were on level 9 of the Dungeon.
You worshipped Trog.
Trog was greatly pleased with you.
You visited 1 branch of the dungeon, and saw 10 of its levels.

You collected 499 gold pieces.
You spent 206 gold pieces at shops.


Innate Abilities, Weirdness & Mutations

You have razor-sharp teeth.
Your natural rate of healing is unusually fast.
When hurt, damage is shared between your health and your magic reserves.
Your bite disrupts and absorbs the magic of your enemies.
Potions cannot restore your health.


   Skills:
 - Level 6.0 Fighting
 + Level 9.8 Armour
 - Level 1.5 Dodging
 - Level 12.0 Unarmed Combat


You had 10 spell levels left.
You didn't know any spells.
Your spell library contained the following spells:

 Spells                   Type           Power      Damage    Failure   Level
 Animate Skeleton         Necr           0%         N/A       96%         1
 Apportation              Tloc           0%         N/A       96%         1
 Corona                   Hex            0%         N/A       96%         1
 Foxfire                  Conj/Fire      0%         2x1d4     96%         1
 Pain                     Necr           0%         1d4       96%         1
 Shock                    Conj/Air       0%         1d3       96%         1
 Summon Small Mammal      Summ           0%         N/A       96%         1
 Static Discharge         Conj/Air       0%         N/A       99%         2
 Conjure Flame            Conj/Fire      0%         6-21      100%        3
 Inner Flame              Hex/Fire       0%         N/A       100%        3
 Swiftness                Air            0%         N/A       100%        3
 Vampiric Draining        Necr           0%         2d6       100%        3
 Airstrike                Air            0%         N/A       100%        4
 Animate Dead             Necr           0%         N/A       100%        4
 Sticky Flame             Conj/Fire      0%         2d3       100%        4
 Agony                    Necr           0%         N/A       100%        5
 Fireball                 Conj/Fire      0%         3d3       100%        5
 Lightning Bolt           Conj/Air       0%         1d11      100%        5

Inventory:

Hand Weapons
 b - a +1 vorpal hunting sling {sling}
   (You took it off a goblin on level 3 of the Dungeon)
 h - a +0 dagger of venom {short}
   (You took it off a kobold on level 3 of the Dungeon)
 m - a +0 whip of venom {mace}
   (You took it off a kobold on level 3 of the Dungeon)
 s - a +0 dagger of venom {short}
   (You took it off a kobold on level 4 of the Dungeon)
 x - a +2 flail of protection {mace}
   (You took it off an orc on level 5 of the Dungeon)
 C - the +2 dagger of Absolution {elec, rElec Str-5 Int+3, short}
   (You found it on level 7 of the Dungeon)

   Occasionally, upon striking a foe, it can discharge electrical energy and
   cause terrible harm.
   Str:       It affects your strength (-5).
   Int:       It affects your intelligence (+3).
   rElec:     It insulates you from electricity.
 L - a +1 rapier of protection {short}
   (You took it off Duvessa on level 7 of the Dungeon)
 Q - a +2 shortbow of flaming {bow}
   (You took it off a centaur on level 8 of the Dungeon)
Missiles
 c - 193 stones {throwing}
 d - 92 sling bullets
 j - 32 poisoned darts (quivered) {throwing}
 k - 109 arrows
 y - 10 boomerangs {throwing}
 A - 4 javelins {throwing}
 H - 48 bolts
 I - 7 boomerangs of dispersal {=f!fthrowing}
Armour
 a - a +1 helmet (worn)
   (You bought it in a shop on level 1 of the Dungeon)
 e - a +0 cloak (worn)
   (You took it off Crazy Yiuf on level 2 of the Dungeon)
 p - a +0 pair of boots (worn)
   (You found it on level 4 of the Dungeon)
 v - a +0 chain mail (worn)
   (You found it on level 2 of the Dungeon)
 w - a +0 pair of gloves (worn)
   (You bought it in a shop on level 1 of the Dungeon)
 W - a +2 robe of willpower
   (You took it off a wight on level 9 of the Dungeon)
Jewellery
 g - a ring of positive energy (left hand)
   (You found it on level 4 of the Dungeon)
 t - a ring of fire
   (You found it on level 5 of the Dungeon)
 D - a ring of protection from cold (right hand)
   (You found it on level 7 of the Dungeon)
 O - an amulet of magic regeneration (around neck) {@e2}
   (You found it on level 8 of the Dungeon)
Wands
 o - a wand of mindburst (23)
   (You found it on level 4 of the Dungeon)
 q - a wand of polymorph (17)
   (You found it on level 4 of the Dungeon)
 F - a wand of flame (32)
   (You found it on level 7 of the Dungeon)
 G - a wand of iceblast (9)
   (You found it on level 9 of the Dungeon)
 K - a wand of digging (4)
   (You found it on level 7 of the Dungeon)
Scrolls
 r - 4 scrolls of vulnerability {!r!r}
 B - 3 scrolls of teleportation {@r4}
 E - a scroll of fear
 N - a scroll of fog {unknown}
 T - a scroll of immolation {unknown}
 U - a scroll of acquirement {unknown}
Potions
 f - 4 potions of curing {@q1}
 i - a potion of haste {@q3}
 l - a potion of invisibility
 n - a potion of cancellation
 u - a potion of mutation {!q}
 z - a potion of flight
 J - a potion of magic {unknown}
 M - a potion of resistance {unknown}
 X - a potion of might {unknown}

Dungeon Overview and Level Annotations

Branches:
Dungeon (10/15)            Temple (0/1) D:7
   Lair: D:8-11         Orc: D:9-12

Altars:
Cheibriados
Dithmenos
Hepliaklqana
Ru
Xom

Shops:
D:1 [   D:4 (

Annotations:
D:5 2 runed translucent doors, Maken's ghost, amateur FoFi
D:8 exclusion: downstairs
D:9 Erolcha

#....### ##.###..≈≈##........
#....# #.##.####≈#........ #....#
##..## #.#.#...... #....# ####
##)###.....# ##..## ###
#)####...... #....# ##≈≈#
##).##[...... #....#####...O#
##>...#......#
#......##....O.#####≈....#......#
#.....## #O@##≈≈...#########
#....|### ###.≈≈#.### ###
##......### ######### #..
##..###..# ##..#######.#
##.###### ##.......##..#
#....##### #........#..##
##.....##.# ##..........##
#.........# #..........####
#.>.....### ######.........


You could see 2 two-headed ogres and an ogre.


Message History

😎 HP[+15]
Your hp is fully restored (56).
You are starting to lose your buoyancy.
An ogre comes into view. It is wielding a +0 giant spiked club.
The ogre shouts!
A two-headed ogre comes into view.
It is wielding a +0 giant spiked club and a +0 giant club.
An ogre comes into view. It is wielding a +0 giant club.
An ogre and 2 two-headed ogres come into view.
The two-headed ogre shouts in stereo! x3
An ogre comes into view. It is wielding a +0 giant club.
The two-headed ogre moves out of view. x2
Erolcha the Cunning comes into view.
She is wielding a +0 giant club and carrying a wand of polymorph (4).
The ogre shouts!
Erolcha moves out of view.
The ogre closely misses you.
Your skin crawls.
You feel strong-willed.
The ogre hits you with a +0 giant club! 😕 HP[-13] MP[-3]
You take 13 damage, and now have 43/56 hp.
MASSIVE DAMAGE!! (PAUSE)
You lost 3 mp, and now have 9/12 mp.
You're still recovering from your berserk rage.
You pummel the ogre!! You bite the ogre. You drain its power.
You feel invigorated.
Erolcha casts a spell.
Erolcha blinks!
The ogre barely misses you. 😕 HP[+3] MP[+3]
You regained 3 hp, and now have 46/56 hp.
Your mp is fully restored (12).
You punch the ogre!
You kill the ogre!
Trog accepts your kill.
You float gracefully downwards.
Erolcha gestures wildly while chanting.
Erolcha flickers and vanishes!
Deactivating autopickup; reactivate with Ctrl-A. 😕 HP[+2]
You regained 2 hp, and now have 48/56 hp.
You hit the two-headed ogre. You bite the two-headed ogre! You drain its power.
The two-headed ogre hits you with a +0 giant spiked club!
The two-headed ogre hits you but does no damage. 😕 HP[-5] MP[-1]
You take 5 damage, and now have 43/56 hp.
You lost 1 mp, and now have 11/12 mp.
You hit the two-headed ogre. The two-headed ogre barely misses you.
The two-headed ogre hits you with a +0 giant club. 😮 HP[-2] MP[-1]
You take 2 damage, and now have 41/56 hp.
You lost 1 mp, and now have 10/12 mp.
You punch the two-headed ogre! You bite the two-headed ogre.
You drain its power.
You feel invigorated. The two-headed ogre barely misses you.
The two-headed ogre hits you but does no damage. 😕 HP[+2] MP[+2]
You regained 2 hp, and now have 43/56 hp.
Your mp is fully restored (12).
You hit the two-headed ogre.
You bite the two-headed ogre, but do no damage.
The two-headed ogre hits you with a +0 giant spiked club!
The two-headed ogre hits you with a +0 giant club!
* * * LOW HITPOINT WARNING * * *
😨 HP[-18] MP[-5]
You take 18 damage, and now have 25/56 hp.
MASSIVE DAMAGE!! (PAUSE)
You lost 5 mp, and now have 7/12 mp.
You punch the two-headed ogre! You bite the two-headed ogre!
You drain its power.
You feel invigorated.
The two-headed ogre hits you with a +0 giant spiked club!
* * * LOW HITPOINT WARNING * * *
The two-headed ogre hits you but does no damage. 😨 HP[-10]
You take 10 damage, and now have 15/56 hp.
You punch the two-headed ogre!
You kill the two-headed ogre!
Trog accepts your kill. 😨 HP[+3]
You regained 3 hp, and now have 18/56 hp.
You punch the two-headed ogre! You bite the two-headed ogre.
You drain its power.
You feel invigorated.
The two-headed ogre hits you with a +0 giant spiked club!
* * * LOW HITPOINT WARNING * * *
The two-headed ogre barely misses you. 😱 HP[-4] MP[+2]
You take 4 damage, and now have 14/56 hp.
You regained 2 mp, and now have 9/12 mp.
You punch the two-headed ogre! Your bite misses the two-headed ogre.
You feel yourself speed up.
The two-headed ogre hits you with a +0 giant spiked club!!
* * * LOW HITPOINT WARNING * * *
The two-headed ogre barely misses you. 😱 HP[-12] MP[-7]
You take 12 damage, and now have 2/56 hp.
MASSIVE DAMAGE!! (PAUSE)
You lost 7 mp, and now have 2/12 mp.
You punch the two-headed ogre! You punch the two-headed ogre.
You bite the two-headed ogre. You drain its power.
You feel invigorated.
The two-headed ogre hits you with a +0 giant spiked club.
The two-headed ogre hits you with a +0 giant spiked club!
You die...

Skill      XL: |  1  2  3  4  5  6  7  8  9 10 11 |
---------------+----------------------------------+-----
Unarmed Combat | 4 5 6 7 8 9 10 12 | 12.0
Fighting       | 3 5 6 |  6.0
Armour         | 2 4 6 8 9 |  9.8
Dodging        | |  1.5

Action                   |  1- 3 |  4- 6 |  7- 9 | 10-12 || total
-------------------------+-------+-------+-------+-------++-------
Melee: Unarmed           |    64 |    91 |   217 |   124 ||   496
       Bite              |    14 |    17 |    72 |    51 ||   154
       Punch             |     3 |     4 |     6 |     6 ||    19
 Fire: Hunting sling     |       |    19 |    96 |    13 ||   128
Invok: Berserk           |     3 |     5 |     9 |     7 ||    24
       Trog's Hand       |       |       |     2 |     2 ||     4
  Use: Scroll            |     5 |     2 |    12 |     5 ||    24
       Potion            |       |       |       |     1 ||     1
 Stab: Sleeping          |     1 |       |       |       ||     1
Armor: Animal skin       |    13 |    13 |    30 |       ||    56
       Chain mail        |       |       |    70 |    64 ||   134
Dodge: Dodged            |    37 |    49 |    95 |    51 ||   232

Levels and vault maps discovered:
D:1:      dpeg_arrival_fog, layout_loops_cross, serial_shops,
          nicolae_shop_statue_plus, basic_ecumenical_altar
D:2:      layout_basic, uniq_crazy_yiuf_cottage
D:3:      layout_loops_cross, old_standard_altar,
          nicolae_hepliaklqana_monster_ancestors, uniq_natasha
D:4:      layout_loops_ring, nicolae_wooded_promenade,
          chequers_serial_rivers_micro_a, uniq_purgy
D:5:      layout_loops_cross, ebering_ghost_disaster_area
D:6:      layout_loops_ring, roderic_lattice_a, uniq_sigmund
D:7:      layout_basic, chequers_temple_overflow_statue_of_worship,
          minmay_temple_entry_mini_moons, kennysheep_generic_room_9,
          uniq_duvessa, uniq_joseph
D:8:      layout_cave_pools, serial_rivers, chequers_serial_rivers_room_a,
          chequers_serial_rivers_micro_c, chequers_serial_rivers_room_b,
          chequers_serial_rivers_micro_a, chequers_serial_rivers_micro_a,
          chequers_serial_rivers_room_a, serial_park_tiny_1
D:9:      lemuel_ogre_cave, layout_rooms
D:10:     layout_basic, lemuel_tele_altar, due_lair_maze_entry_diamond

Notes
Turn   | Place    | Note
-------+----------+-------------------------------------------
     0 | D:1      | Sobieck the Vine Stalker Berserker began the quest for the
                  | Orb.
     0 | D:1      | Reached XP level 1. HP: 11/11 MP: 2/2
     0 | D:1      | magus.rc [v1.9.6]
   287 | D:1      | Reached XP level 2. HP: 16/16 MP: 3/3
   429 | D:1      | Found a faded altar of an unknown god.
   684 | D:1      | Found Sagi's Antique Armour Shoppe.
   763 | D:1      | Reached ** piety under Trog
   764 | D:1      | Reached skill level 4 in Unarmed Combat
   910 | D:1      | Reached XP level 3. HP: 14/19 MP: 1/4
  1315 | D:2      | Found a runed translucent door.
  1316 | D:2      | Noticed Crazy Yiuf
  1355 | D:3      | Noticed a sky beast
  1363 | D:2      | HP: 4/28 [sky beast (4)]
  1365 | D:2      | Killed a sky beast
  1366 | D:2      | Reached skill level 5 in Unarmed Combat
  1366 | D:2      | Gained mutation: Your natural rate of healing is unusually
                  | fast. [Vine Stalker growth]
  1366 | D:2      | Reached XP level 4. HP: 5/23 MP: 1/5
  1366 | D:2      | Reached XP level 5. HP: 7/27 MP: 1/6
  1440 | D:2      | Killed Crazy Yiuf
  1589 | D:2      | Reached skill level 6 in Unarmed Combat
  1960 | D:2      | Reached XP level 6. HP: 32/32 MP: 7/7
  2682 | D:3      | Found a snail-covered altar of Cheibriados.
  2829 | D:3      | Found a hazy altar of Hepliaklqana.
  2994 | D:3      | Noticed Natasha
  3000 | D:3      | Killed Natasha
  3001 | D:3      | Reached skill level 7 in Unarmed Combat
  3009 | D:4      | Noticed Purgy
  3017 | D:3      | Killed Purgy
  3019 | D:3      | HP: 12/48 [orc priest (6)]
  3135 | D:3      | Noticed Natasha
  3139 | D:3      | Killed Natasha
  3140 | D:3      | Reached XP level 7. HP: 33/35 MP: 6/8
  3247 | D:5      | Entered Level 5 of the Dungeon
  3333 | D:4      | Reached skill level 8 in Unarmed Combat
  3535 | D:4      | Found Qubaere's Antique Weapon Boutique.
  3820 | D:4      | Reached skill level 3 in Fighting
  3820 | D:4      | Reached skill level 2 in Armour
  4132 | D:4      | Reached *** piety under Trog
  4611 | D:5      | Gained mutation: You have razor-sharp teeth. [Vine Stalker
                  | growth]
  4611 | D:5      | Reached XP level 8. HP: 42/42 MP: 9/9
  4809 | D:5      | Reached skill level 4 in Fighting
  4809 | D:5      | Reached skill level 3 in Armour
  4822 | D:5      | Found a large runed translucent door.
  4822 | D:5      | Found a large runed translucent door.
  4825 | D:5      | Noticed Maken's ghost (amateur FoFi)
  5171 | D:5      | You pick up a book of Cantrips {forbidden} and begin
                  | reading...
  5171 | D:5      | You add the spells Corona, Animate Skeleton, Summon Small
                  | Mammal and Apportation to your library.
  5541 | D:7      | Found a staircase to the Ecumenical Temple.
  5605 | D:6      | Noticed Sigmund
  5623 | D:6      | Killed Sigmund
  5624 | D:6      | Reached skill level 9 in Unarmed Combat
  5642 | D:6      | Reached skill level 4 in Armour
  5834 | D:1      | Bought a helmet for 103 gold pieces
  5834 | D:1      | Bought a pair of gloves for 103 gold pieces
  5905 | D:3      | Noticed Natasha
  5914 | D:3      | Killed Natasha
  5915 | D:3      | Reached skill level 5 in Fighting
  6279 | D:6      | Reached XP level 9. HP: 46/47 MP: 8/10
  6795 | D:7      | Noticed Joseph
  6811 | D:7      | Killed Joseph
  6926 | D:7      | Identified the +2 dagger of Absolution {elec, rElec Str-5
                  | Int+3}
  7132 | D:7      | Reached skill level 5 in Armour
  7429 | D:7      | Reached **** piety under Trog
  7430 | D:7      | Reached skill level 6 in Fighting
  7467 | D:7      | Found a shimmering altar of Xom.
  7468 | D:7      | Found a sacrificial altar of Ru.
  7471 | D:7      | Found a shadowy altar of Dithmenos.
  7502 | D:7      | Noticed Duvessa
  7503 | D:7      | Noticed Dowan
  7510 | D:7      | Killed Duvessa
  7511 | D:7      | Reached skill level 10 in Unarmed Combat
  7511 | D:7      | Killed Dowan
  7808 | D:7      | You pick up a book of Flames {forbidden} and begin
                  | reading...
  7808 | D:7      | You add the spells Foxfire, Conjure Flame, Inner Flame,
                  | Sticky Flame and Fireball to your library.
  8139 | D:8      | You pick up a book of Necromancy {forbidden} and begin
                  | reading...
  8139 | D:8      | You add the spells Pain, Vampiric Draining, Animate Dead
                  | and Agony to your library.
  8477 | D:8      | You pick up a book of Air {forbidden} and begin reading...
  8477 | D:8      | You add the spells Shock, Static Discharge, Swiftness,
                  | Airstrike and Lightning Bolt to your library.
  8522 | D:8      | Reached skill level 6 in Armour
  8619 | D:8      | Reached XP level 10. HP: 53/53 MP: 11/11
  8874 | D:9      | Reached skill level 11 in Unarmed Combat
  9257 | D:9      | HP: 18/79 [killer bee (2)]
  9262 | D:9      | Reached skill level 7 in Armour
  9263 | D:9      | HP: 19/79 [poisoned by a killer bee]
 10030 | D:10     | Entered Level 10 of the Dungeon
 10213 | D:9      | Noticed a two-headed ogre
 10213 | D:9      | Noticed a two-headed ogre
 10224 | D:9      | Killed a two-headed ogre
 10224 | D:9      | Noticed a two-headed ogre
 10225 | D:9      | Reached skill level 8 in Armour
 10225 | D:9      | Reached skill level 12 in Unarmed Combat
 10225 | D:9      | Reached XP level 11. HP: 53/56 MP: 8/12
 10228 | D:9      | Killed a two-headed ogre
 10229 | D:9      | Reached skill level 9 in Armour
 10238 | D:9      | Killed a two-headed ogre
 10255 | D:9      | Noticed a two-headed ogre
 10256 | D:9      | Noticed a two-headed ogre
 10256 | D:9      | Noticed a two-headed ogre
 10257 | D:9      | Noticed Erolcha
 10267 | D:9      | Killed a two-headed ogre
 10268 | D:9      | HP: 14/56 [two-headed ogre (6)]
 10269 | D:9      | HP: 2/56 [two-headed ogre (15)]
 10270 | D:9      | Slain by a two-headed ogre

Vanquished Creatures
  4 two-headed ogres (D:9)
  Joseph (D:7)
  Sigmund (D:6)
  10 yaks
  Purgy (D:3)
  Duvessa (D:7)
  2 black bears (D:7)
  4 sky beasts
  A necrophage (D:6)
  A centaur (D:8)
  13 ogres
  A phantom (D:4)
  A kobold brigand (D:8)
  A gnoll sergeant (D:5)
  5 bullfrogs
  2 scorpions
  Dowan (D:7)
  A water moccasin skeleton (D:6)
  11 killer bees
  5 wights (D:9)
  A howler monkey (D:6)
  A bullfrog zombie (D:5)
  2 centaur zombies
  A jelly (D:8)
  3 hounds
  3 orc priests
  A bullfrog skeleton (D:6)
  Crazy Yiuf (D:2)
  3 centaur skeletons
  Natasha (thrice) (D:3)
  2 iguanas
  2 orc wizards (D:7)
  A killer bee zombie (D:6)
  2 hound skeletons (D:4)
  7 adders
  10 gnolls
  2 white imps (D:7)
  2 worms
  A dart slug (D:4)
  15 orcs
  5 bats
  5 endoplasms
  5 giant cockroaches
  8 goblins
  8 hobgoblins
  2 quokkas
  5 ball pythons
  6 frilled lizards
  11 kobolds
  3 rats
  A spectral hobgoblin (D:3)
189 creatures vanquished.

Table legend:
 A = Non-vault XP
 B = Vault XP
 C = Vault XP percentage of total XP
 D = Non-vault monster count
 E = Vault monster count
 F = Vault count percentage of total count
                 A         B        C        D         E       F
            +---------+---------+-------+---------+---------+-------
      Total |    6570 |    6046 |  47.9 |     164 |      25 |  13.2
            +---------+---------+-------+---------+---------+-------
        D:1 |      35 |       0 |   0.0 |      21 |       0 |   0.0
        D:2 |     298 |      39 |  11.6 |      27 |       1 |   3.6
        D:3 |     140 |     172 |  55.1 |      20 |       4 |  16.7
        D:4 |     258 |       0 |   0.0 |      12 |       0 |   0.0
        D:5 |     698 |       0 |   0.0 |      14 |       0 |   0.0
        D:6 |     505 |     231 |  31.4 |      11 |       1 |   8.3
        D:7 |     780 |     692 |  47.0 |      18 |       4 |  18.2
        D:8 |    2093 |       0 |   0.0 |      22 |       0 |   0.0
        D:9 |    1763 |    4912 |  73.6 |      19 |      15 |  44.1
            +---------+---------+-------+---------+---------+-------

Illustrated notes

Table legend:
 A = Kills in this place as a percentage of kills in entire the game.
 B = Kills by you in this place as a percentage of kills by you in the entire game.
 C = Kills by friends in this place as a percentage of kills by friends in the entire game.
 D = Other kills in this place as a percentage of other kills in the entire game.
 E = Experience gained in this place as a percentage of experience gained in the entire game.
 F = Experience gained in this place divided by the number of levels of this place that you have seen.
                   A       B       C       D       E      F
               +-------+-------+-------+-------+-------+----------------------
         Total | 100.0 | 100.0 |   N/A |   N/A | 100.0 | 1261.6
       Dungeon | 100.0 | 100.0 |   N/A |   N/A | 100.0 | 1261.6
               +-------+-------+-------+-------+-------+----------------------

Table legend: (Time is in decaauts)
 A = Elapsed time spent in this place.
 B = Non-inter-level travel time spent in this place.
 C = Inter-level travel time spent in this place.
 D = Time resting spent in this place.
 E = Time spent auto-exploring this place.
 F = Levels seen in this place.
 G = Mean time per level.
                   A        B        C        D        E       F      G
               +--------+--------+--------+--------+--------+-----+--------+
         Total |  10437 |   9611 |    826 |   2576 |   5491 |  10 | 1043.7 |
       Dungeon |  10437 |   9611 |    826 |   2576 |   5491 |  10 | 1043.7 |
               +--------+--------+--------+--------+--------+-----+--------+

Top non-repeatable levels by time:
     D:8: 1482 daAuts
     D:2: 1401 daAuts
     D:7: 1340 daAuts
     D:5: 1205 daAuts
     D:3: 1125 daAuts
     D:4: 1108 daAuts
     D:1: 1013 daAuts
     D:6: 997 daAuts
     D:9: 757 daAuts
    D:10: 6 daAuts
